 Dungeon Crawl Stone Soup version 0.31-a0-460-g9e667d4245 (webtiles) character file.

Game seed: 2668058563882293176

118 RepHenryClay the Sneak (level 5, -4/41 HPs)
             Began as a Formicid Delver on Aug 5, 2023.
             Splashed by a jelly's acid (11 damage)
             ... in a sewer.
             The game lasted 00:03:19 (944 turns).

RepHenryClay the Sneak (Formicid Delver)             Turns: 944, Time: 00:03:20

Health: -4/41      AC: -5    Str: 19    XL:     5   Next: 23%
Magic:  5/5        EV: 12    Int:  9    God:
Gold:   25         SH:  0    Dex: 15    Spells: 4/4 levels left

rFire   . . .        a - +0 hand axe
rCold   . . .        (no shield)
rNeg    . . .        b - +0 leather armour
rPois   .            (helmet unavailable)
rElec   .            (no cloak)
rCorr   .            (no gloves)
SInv    +            (no boots)
Will    .....        (no amulet)
Stlth   +++          (no ring)
HPRegen 0.26/turn    (no ring)
MPRegen 0.09/turn

%: no passive effects
@: corroded
A: permanent stasis, dig shafts and tunnels, antennae 3, four strong arms
a: Dig


You were in a sewer.
You visited 1 branch of the dungeon, and saw 2 of its levels.
You also visited: Sewer.

You collected 25 gold pieces.

Inventory:

Hand Weapons
 a - a +0 hand axe (weapon)
Armour
 b - a +0 leather armour (worn)
Wands
 f - a wand of digging (3)
Scrolls
 c - a scroll of fog
 h - a scroll of identify {unknown}
Potions
 d - 2 potions of cancellation {unknown}
 e - a potion of magic {unknown}
 g - 2 potions of haste {unknown}
 i - a potion of invisibility {unknown}


   Skills:
 - Level 3.2 Fighting
 + Level 5.0 Axes
 - Level 1.7 Dodging
 - Level 6.0 Stealth


You had 4 spell levels left.
You didn't know any spells.
Your spell library was empty.

Dungeon Overview and Level Annotations

Branches:
Dungeon (5/15)              Sewer (1/1)
 Temple: D:4-7

Altars:

Shops:
D:5 [

Annotations:
D:4 3 runed translucent doors
D:5 2 transporters !buckler


Innate Abilities, Weirdness & Mutations

You cannot be hasted, slowed, berserked, paralysed or teleported.
You can dig through walls and to a lower floor.
You have a pair of large antennae on your head. (SInv)
Your four strong arms can wield two-handed weapons with a shield.


Message History

You are frozen.
Damage: -2%(-1hp) hp: 96%(39hp)
You hit the endoplasm.
You kill the endoplasm!
No target in view!
You enter the shallow water.
Moving in this stuff is going to be slow.
h - a scroll labelled QAAFUL CATHIG You see here a +0 dagger.
You enter the shallow water.
Moving in this stuff is going to be slow.
You enter the shallow water.
Moving in this stuff is going to be slow.
You enter the shallow water.
Moving in this stuff is going to be slow.
i - a coppery potion You enter the shallow water.
Moving in this stuff is going to be slow.
You enter the shallow water.
Moving in this stuff is going to be slow.
You see here a worm corpse.
A jelly comes into view.
Found 2 yellow potions.
The helpless jelly fails to defend itself.
You slash the jelly! The acid corrodes you!
Your hands burn!
The jelly is severely wounded.
The jelly hits you.
You are splashed with acid!
Huge Dmg: -34%(-14hp) hp: 66%(27hp)
You hit the jelly. The acid corrodes you!
Your hands burn!
The jelly is almost dead.
The jelly hits you.
You are splashed with acid!
* * * LOW HITPOINT WARNING * * *
Huge Dmg: -36%(-15hp) hp: 30%(12hp)
You hit the jelly.
Your hands burn!
* * * LOW HITPOINT WARNING * * *
The jelly is almost dead.
The jelly hits you.
* * * LOW HITPOINT WARNING * * *
You are splashed with acid!
You die...

#~..##.~.~÷...##.~~# #~~..._
##~~~##..~...~.##†.###~.....
##~..#~~.~##...#..##~....##
#..~##.~.~~##.##..~~..####
#..##....†~~###~~...~##
####.~.~##.~~...~.####
##...~~####.~~~.~##
#.~.~.##.!##.~####
#~.~####J@.#.~# ##~.##
##~~...# #~..# ##~~.## #~~##
##### #..# ########## #..#
#..~.~~~~# #..# #...~~..~#
#~~# #..####..# #~.# #..#
#.~#


You could see a jelly.

Vanquished Creatures
  A hound (D:5)
  A jelly (Sewer)
  2 adders
  A shadow imp (D:5)
  A worm (Sewer)
  3 ball pythons (Sewer)
  11 endoplasms (Sewer)
  5 giant cockroaches
  2 frilled lizards (Sewer)
  4 rats
31 creatures vanquished.

Notes
Turn   | Place    | Note
-------+----------+-------------------------------------------
     0 | D:5      | RepHenryClay the Formicid Delver began the quest for the
                  | Orb.
     0 | D:5      | Reached XP level 1. HP: 18/18 MP: 1/1
    54 | D:5      | Noticed a scorpion
    90 | D:5      | Reached XP level 2. HP: 15/24 MP: 2/2
   140 | D:5      | Found a transporter.
   147 | D:5      | Noticed an ice beast
   152 | D:5      | Found a transporter.
   152 | D:5      | Noticed a quasit
   153 | D:5      | Noticed a quasit
   175 | D:5      | Found Xifounk's Antique Armour Emporium.
   223 | D:5      | Reached XP level 3. HP: 5/29 MP: 3/3
   336 | D:4      | Found a runed translucent gate.
   336 | D:4      | Found a runed translucent gate.
   336 | D:4      | Found a runed translucent gate.
   403 | D:4      | Found a glowing drain.
   410 | D:4      | Reached XP level 4. HP: 35/35 MP: 4/4
   423 | Sewer    | Entered a sewer
   788 | Sewer    | Found a viscous altar of Jiyva.
   797 | Sewer    | Reached skill level 5 in Axes
   797 | Sewer    | Reached XP level 5. HP: 23/41 MP: 5/5
   944 | Sewer    | Splashed by a jelly's acid

Illustrated notes

Levels and vault maps discovered:
D:4:      nicolae_cairo_tiling_large, layout_loops_corners,
          lemuel_crystal_altar, portal_sewer_entry_b, gammafunk_ghost_split,
          minmay_misc_feat_tower, minmay_tree_intersection
D:5:      layout_layer_cave, minmay_temple_entry_glassed_door, serial_shops,
          nicolae_shop_gibbet_a_chance, gammafunk_ghost_stat_death,
          hangedman_decor_lopped, glass_columns_a
Sewer:    sewer_hellmonk_slimy_pipes

Skill      XL: |  1  2  3  4 |
---------------+-------------+-----
Axes           | 3 4 5 |  5.0
Fighting       | |  3.2
Dodging        | |  1.7
Stealth        | |  6.0

Action                     |  1- 3 |  4- 6 || total
---------------------------+-------+-------++-------
  Melee: Hand axe          |    23 |    89 ||   112
         Punch             |     1 |     2 ||     3
    Use: Scroll            |     2 |       ||     2
   Stab: Sleeping          |     1 |     6 ||     7
 Armour: Leather armour    |    11 |    26 ||    37
  Dodge: Dodged            |    15 |    60 ||    75

Table legend: (Time is in decaauts)
 A = Elapsed time spent in this place.
 B = Non-inter-level travel time spent in this place.
 C = Inter-level travel time spent in this place.
 D = Time resting spent in this place.
 E = Time spent auto-exploring this place.
 F = Levels seen in this place.
 G = Mean time per level.
                   A        B        C        D        E       F      G
               +--------+--------+--------+--------+--------+-----+--------+
         Total |    982 |    943 |     39 |     93 |    367 |   3 |  327.3 |
       Dungeon |    429 |    390 |     39 |     93 |     52 |   2 |  214.5 |
         Sewer |    553 |    553 |      0 |      0 |    315 |   1 |  553.0 |
               +--------+--------+--------+--------+--------+-----+--------+

Top non-repeatable levels by time:
   Sewer: 553 daAuts
     D:5: 338 daAuts
     D:4: 90 daAuts
